 Dungeon Crawl Stone Soup version 0.17.0-26-gececa24 (console) character file.

707 gw the Cudgeler (level 7, -9/64 HPs)
             Began as a Deep Dwarf Fighter on Nov 21, 2015.
             Mangled by a decayed bog body (14 damage)
             ... in an ossuary.
             The game lasted 00:03:23 (3008 turns).

gw the Cudgeler (Deep Dwarf Fighter)                Turns: 3008, Time: 00:03:23

Health: -9/64      AC:  9    Str: 20    XL:     7   Next: 40%
Magic:  0/0        EV:  7    Int:  8    God:
Gold:   87         SH: 10    Dex: 14    Spells: 0 memorised, 6 levels left

rFire  . . .     SeeInvis .     a - +1 flail
rCold  . . .     Clarity  .     b - +0 scale mail
rNeg   . . .     SustAt   .     c - +0 shield
rPois  .         Gourm    .     (no helmet)
rElec  .         Spirit   .     m - +0 cloak
rCorr  .         Warding  .     (no gloves)
rMut   .         Stasis   .     j - +0 pair of boots
MR     +....                    (no amulet)
Stlth  ..........               (no ring)
                                (no ring)

@: non-regenerating, slowed, very slow, somewhat resistant to hostile
enchantments, extremely unstealthy
A: damage resistance, recharge devices, sense surroundings 1, slow regeneration
3
a: Device Recharging


You were in an ossuary.
You were hungry.

You visited 1 branch of the dungeon, and saw 4 of its levels.
You also visited: Ossuary.

You collected 87 gold pieces.

Inventory:

Hand Weapons
 a - a +1 flail (weapon)
Missiles
 g - 62 stones
 k - a javelin (quivered)
Armour
 b - a +0 scale mail (worn)
 c - a +0 shield (worn)
 j - a +0 pair of boots (worn)
 m - a +0 cloak (worn)
Wands
 e - a wand of heal wounds (0)
Scrolls
 h - a scroll of identify
 l - 3 scrolls of remove curse
Potions
 n - a potion of cure mutation
 o - a potion of resistance {unknown}
Comestibles
 f - 4 bread rations
 i - a royal jelly


   Skills:
 + Level 4.1 Fighting
 * Level 4.9 Maces & Flails
 + Level 2.6 Throwing
 + Level 4.9 Armour
 + Level 4.6 Shields
 + Level 1.5 Evocations


You had 6 spell levels left.
You didn't know any spells.

Dungeon Overview and Level Annotations

Branches:
Dungeon (4/15)
 Temple: D:4-7

Altars:
Trog


Innate Abilities, Weirdness & Mutations

You are resistant to damage.
You can recharge devices by infusing magical energy.
You passively map a small area around you.
You do not regenerate naturally.


Message History

The decayed bog body closely misses you.
The decayed bog body barely misses you.
The decayed bog body closely misses you.
The decayed bog body touches you but does no damage.
A mummy comes into view.
ATTACK MOVE TO (1,0)
You sock the mummy!
The mummy is heavily damaged.
The decayed bog body hits you!
You block the decayed bog body's attack.
The mummy splashes around in the water.
The decayed bog body hits you!
The decayed bog body completely misses you.
A quokka zombie comes into view.
ATTACK MOVE TO (1,0)
You hit the mummy but do no damage.
The mummy is heavily damaged.
The decayed bog body barely misses you.
The decayed bog body touches you but does no damage.
The mummy hits you! The decayed bog body hits you!
You die...

, ~ * * * '
##### * #\..# ,
* ~ , #.\.#~~
#...#~ ,*
#~##~##'##Z#~#
*
~~M~..~%gMZZ~P#
.#.~~#+#n#+###
* P~.# ,~.# ~
##* ## ~ * ~ *
~ ~* * * ~ * *
* * * **


You could see a decayed bog body, 2 mummies, a quokka zombie, a hound zombie and
a centaur zombie.

Table legend:
 A = Turns spent in this place as a percentage of turns spent in the entire game.
 B = Non-inter-level travel turns spent in this place as a percentage of non-inter-level travel turns spent in the entire game.
 C = Inter-level travel turns spent in this place as a percentage of turns spent in this place.
 D = Turns resting spent in this place as a percentage of non-inter-level travel turns spent in this place.
 E = Turns spent auto-exploring this place as a percentage of non-inter-level travel turns spent in this place.
 F = Non-inter-level travel turns spent in this place divided by the number of levels of this place that you've seen.
                   A       B       C       D       E      F
               +-------+-------+-------+-------+-------+----------------------
         Total | 100.0 | 100.0 |   0.3 |   0.0 |   2.0 | 1278.6
       Dungeon |  93.5 |  93.5 |   0.3 |   0.0 |   2.1 | 1494.8
       Ossuary |   6.5 |   6.5 |   0.0 |   0.0 |   0.2 | 414.0
               +-------+-------+-------+-------+-------+----------------------

Table legend:
 A = Kills in this place as a percentage of kills in entire the game.
 B = Kills by you in this place as a percentage of kills by you in the entire game.
 C = Kills by friends in this place as a percentage of kills by friends in the entire game.
 D = Other kills in this place as a percentage of other kills in the entire game.
 E = Experience gained in this place as a percentage of experience gained in the entire game.
 F = Experience gained in this place divided by the number of levels of this place that you have seen.
                   A       B       C       D       E      F
               +-------+-------+-------+-------+-------+----------------------
         Total | 100.0 | 100.0 |  -nan |  -nan | 100.0 | 202.2
       Dungeon |  95.4 |  95.4 |  -nan |  -nan |  87.1 | 220.2
       Ossuary |   4.6 |   4.6 |  -nan |  -nan |  12.9 | 130.0
               +-------+-------+-------+-------+-------+----------------------

Vanquished Creatures
  The ghost of Numknucks the Skirmisher, an amateur MiWz (D:4)
  An ogre (D:4)
  A crimson imp (D:4)
  2 bog bodies (Ossuary)
  The ghost of gw the Scratcher, a weakling FeMo of Nemelex Xobeh (D:3)
  Ijyb (D:3)
  Terence (D:2)
  An iguana (D:4)
  An orc wizard (D:4)
  A mummy (Ossuary)
  A worker ant zombie (Ossuary)
  5 adders
  3 oozes (D:2)
  4 worms
  4 orcs
  10 bats
  4 giant cockroaches
  7 goblins
  4 hobgoblins
  11 jackals
  A quokka (D:2)
  3 ball pythons
  4 giant newts
  8 kobolds (D:1)
  7 rats
87 creatures vanquished.

Notes
Turn   | Place    | Note
--------------------------------------------------------------
     0 | D:1      | gw the Deep Dwarf Fighter began the quest for the Orb.
     0 | D:1      | Reached XP level 1. HP: 20/20 MP: 1/1
    57 | D:1      | Reached XP level 2. HP: 25/27 MP: 2/2
   216 | D:1      | Reached skill level 1 in Evocations
   264 | D:1      | Reached XP level 3. HP: 19/34 MP: 3/3
   608 | D:2      | Noticed Terence
   625 | D:2      | Killed Terence
   625 | D:2      | Reached skill level 1 in Throwing
   685 | D:2      | Found a bloodstained altar of Trog.
   718 | D:2      | Reached XP level 4. HP: 38/42 MP: 5/5
  1949 | D:3      | Noticed gw's ghost (weakling FeMo)
  1988 | D:3      | Killed gw's ghost
  1988 | D:3      | Reached skill level 4 in Armour
  1988 | D:3      | Reached XP level 5. HP: 26/49 MP: 6/6
  2221 | D:3      | Noticed Ijyb
  2244 | D:3      | Killed Ijyb
  2685 | D:4      | Noticed an ogre
  2691 | D:4      | Killed an ogre
  2691 | D:4      | Reached XP level 6. HP: 48/56 MP: 7/7
  2762 | D:4      | Noticed Numknucks's ghost (amateur MiWz)
  2799 | D:4      | Killed Numknucks's ghost
  2799 | D:4      | Reached XP level 7. HP: 33/64 MP: 8/8
  2914 | D:4      | Found a sand-covered staircase.
  2920 | Ossuary  | Entered an ossuary
  2934 | Ossuary  | HP: 1/64 [decayed bog body (13)]
  3004 | Ossuary  | Noticed a centaur zombie
  3008 | Ossuary  | Mangled by a decayed bog body

Action                   |  1- 3 |  4- 6 |  7- 9 || total
-------------------------+-------+-------+-------++-------
Melee: Flail             |   126 |   190 |    64 ||   380
Throw: Stone             |    31 |    99 |     4 ||   134
       Javelin           |       |    10 |     1 ||    11
 Abil: Device Recharging |       |       |     8 ||     8
Evoke: Wand              |     2 |     3 |    31 ||    36
  Use: Scroll            |     2 |     5 |       ||     7
       Potion            |       |     3 |       ||     3
  Eat: Chunk             |       |     7 |       ||     7

Vault maps used:
D:1:      dpeg_arrival_tiny_g
D:2:      bloody_trog, uniq_terence
D:3:      uniq_iyjb
D:4:      lightli_ossuary_entry_decrepit_ruins, first_bread
Ossuary:  ossuary_zaba_flooded
